 Dungeon Crawl Stone Soup version 0.32-a0-42-ga30500b4d3 (webtiles) character file.

Game seed: 595114891937703047

131 Newt the Chucker (level 4, -3/35 HPs)
             Began as a Demonspawn Gladiator on Feb 3, 2024.
             Slain by Natasha (6 damage)
             ... on level 3 of the Dungeon.
             The game lasted 00:04:17 (2608 turns).

Newt the Chucker (Demonspawn Gladiator)             Turns: 2608, Time: 00:04:17

Health: -3/35      AC:  6    Str: 16    XL:     4   Next: 91%
Magic:  4/4        EV: 10    Int:  9    God:
Gold:   126        SH:  7    Dex: 14    Spells: 3/3 levels left

rFire   . . .        (no weapon)
rCold   . . .        y - +0 kite shield
rNeg    . . .        b - +0 leather armour
rPois   .            c - +0 helmet
rElec   .            (no cloak)
rCorr   .            (no gloves)
SInv    .            (no boots)
Will    .....        (no amulet)
Stlth   +            (no ring)
HPRegen 0.25/turn    (no ring)
MPRegen 0.09/turn

%: no passive effects
@: slowed, very slow
A: claws 1, slimy green scales 1
a: no special abilities


You were on level 3 of the Dungeon.
You visited 1 branch of the dungeon, and saw 3 of its levels.

You collected 126 gold pieces.

Inventory:

Hand Weapons
 a - a +0 rapier
Missiles
 d - a throwing net
 h - 55 stones
 n - 5 boomerangs (quivered)
Armour
 b - a +0 leather armour (worn)
 c - a +0 helmet (worn)
 y - a +0 kite shield (worn)
Jewellery
 f - a +6 ring of strength
 i - a +6 ring of dexterity
Wands
 k - a wand of polymorph (2)
 q - a wand of flame (22)
Scrolls
 g - a scroll of amnesia
 j - a scroll of immolation {unknown}
 l - a scroll of poison {unknown}
 t - a scroll of identify {unknown}
 u - a scroll of fog
 w - a scroll of teleportation {unknown}
 x - a scroll of fear {unknown}
Potions
 o - a potion of brilliance {unknown}
 p - a potion of invisibility {unknown}
 r - a potion of haste {unknown}
 s - 2 potions of curing {unknown}
 v - a potion of mutation {unknown}
 z - a potion of heal wounds {unknown}


   Skills:
 + Level 3.3 Fighting
 - Level 2.6 Short Blades
 * Level 3.9 Throwing
 - Level 2.6 Dodging


You had 3 spell levels left.
You didn't know any spells.
Your spell library was empty.

Dungeon Overview and Level Annotations

Branches:
Dungeon (3/15)

Altars:

Annotations:
D:3 Natasha


Innate Abilities, Weirdness & Mutations

You have sharp fingernails.
You are partially covered in slimy green scales. (AC +2)


Message History

You throw a boomerang. The boomerang hits Natasha.
Natasha is moderately wounded.
Natasha casts a spell at you.
You feel yourself slow down.
You throw a boomerang. The boomerang barely misses Natasha.
The boomerang barely misses the cerulean imp.
Natasha stares at you and mumbles some strange words.
The magic dart hits you but does no damage.
The cerulean imp hits you from afar with a +2 spear.
You throw a boomerang. The boomerang hits Natasha!
Natasha is severely wounded.
Natasha claws you but does no damage.
The cerulean imp hits you from afar with a +2 spear.
You block the cerulean imp's attack.
Natasha mumbles some strange words.
You throw a boomerang. The boomerang misses Natasha.
The boomerang hits the cerulean imp.
The cerulean imp is heavily wounded.
Natasha claws you but does no damage.
The cerulean imp hits you from afar with a +2 spear.
You block Natasha's attack.
The cerulean imp hits you from afar with a +2 spear.
You are too injured to fight recklessly!
Unknown command.
Throw: 5 boomerangs
Press: ? - help, Q - select action, (/) - cycle Shift-Dir - straight line, f/p - Natasha
Aim: Natasha (severely wounded, 50% to hit)
You throw a boomerang.
The boomerang hits Natasha but does no damage.
Natasha is severely wounded.
Natasha misses you.
The cerulean imp hits you from afar with a +2 spear.
* * * LOW HITPOINT WARNING * * *
Natasha claws you.
* * * LOW HITPOINT WARNING * * *
You block the cerulean imp's attack. Natasha attacks as she pursues you!
Natasha closely misses you. Natasha claws you.
You die...
Natasha curls up and begins to purr.

...........###....#.#######
.....####........##.......##
......###..#......#........##
...............##...........#
.............####.[.........#
......(....>.# ##..........#
.............# #..........#
..†..........#####..........#
.#.##....###5.5h@..........##
.........# #5#####..........#
.#.##..#.###.# #..........#
.#.^.........# #..........#
......##.##### #..........#
...#####.# #..........# ...#
#.# ##........## ...# #..
##......## ..## #~~
#.####.###


You could see Natasha and 3 cerulean imps.

Vanquished Creatures
  Jessica (D:3)
  Natasha (D:3)
  2 adders (D:3)
  3 dart slugs
  4 ribbon worms
  An endoplasm (D:1)
  2 giant cockroaches
  4 goblins
  5 hobgoblins
  2 quokkas (D:3)
  5 ball pythons
  7 bats
  A frilled lizard (D:2)
  10 kobolds
  2 rats (D:3)
50 creatures vanquished.

Notes
Turn   | Place    | Note
-------+----------+-------------------------------------------
     0 | D:1      | Newt the Demonspawn Gladiator began the quest for the Orb.
     0 | D:1      | Reached XP level 1. HP: 16/16 MP: 1/1
   278 | D:1      | Gained mutation: You have sharp fingernails. [demonic
                  | ancestry]
   278 | D:1      | Reached XP level 2. HP: 12/22 MP: 2/2
   580 | D:1      | You fall into a shaft and drop 1 floor!
  1326 | D:2      | Reached XP level 3. HP: 24/28 MP: 3/3
  1903 | D:3      | Noticed Jessica
  1905 | D:3      | Killed Jessica
  1906 | D:3      | Gained mutation: You are partially covered in slimy green
                  | scales. (AC +2) [demonic ancestry]
  1906 | D:3      | Reached XP level 4. HP: 35/35 MP: 4/4
  2382 | D:3      | Noticed Natasha
  2418 | D:3      | Killed Natasha
  2595 | D:3      | Noticed Natasha
  2608 | D:3      | Slain by Natasha

Illustrated notes

Levels and vault maps discovered:
D:1:      zelgadis_glass_arrival_small, layout_rooms, hex_large,
          supply_closet_lemuel
D:2:      layout_loops_cross, corexii_corridor_pit
D:3:      cheibrodos_thug_alley, layout_rooms, uniq_jessica,
          uniq_crazy_yiuf_cottage, uniq_natasha

Skill      XL: |  1  2  3 |
---------------+----------+-----
Throwing       | 2 3 |  3.9
Fighting       | 3 |  3.3
Short Blades   | |  2.6
Dodging        | |  2.6

Action                     |  1- 3 |  4- 6 || total
---------------------------+-------+-------++-------
  Melee: Rapier            |   144 |    52 ||   196
         Punch             |     1 |     2 ||     3
  Throw: Boomerang         |     5 |    35 ||    40
         Throwing net      |     2 |       ||     2
         Dart              |       |     5 ||     5
         Javelin           |       |     1 ||     1
    Use: Scroll            |     1 |     1 ||     2
   Stab: Sleeping          |     2 |       ||     2
 Armour: Leather armour    |    72 |    52 ||   124
  Dodge: Dodged            |   102 |    29 ||   131
  Block: Kite shield       |       |    14 ||    14

Table legend: (Time is in decaauts)
 A = Elapsed time spent in this place.
 B = Non-inter-level travel time spent in this place.
 C = Inter-level travel time spent in this place.
 D = Time resting spent in this place.
 E = Time spent auto-exploring this place.
 F = Levels seen in this place.
 G = Mean time per level.
                   A        B        C        D        E       F      G
               +--------+--------+--------+--------+--------+-----+--------+
         Total |   2644 |   2529 |    115 |    823 |   1164 |   3 |  881.3 |
       Dungeon |   2644 |   2529 |    115 |    823 |   1164 |   3 |  881.3 |
               +--------+--------+--------+--------+--------+-----+--------+

Top non-repeatable levels by time:
     D:2: 1119 daAuts
     D:3: 845 daAuts
     D:1: 679 daAuts
